 Dungeon Crawl Stone Soup version 0.23-a0-171-g5ae17c6 (webtiles) character file.

118 Ijustatesigmund the Chopper (level 5, -5/34 HPs)
             Began as an Octopode Gladiator on Sept 14, 2018.
             Slain by a goblin (6 damage)
             ... led by Robin
             ... on level 4 of the Dungeon.
             The game lasted 00:03:44 (2486 turns).

Ijustatesigmund the Chopper (Octopode Gladiator)    Turns: 2486, Time: 00:03:45

Health: -5/34      AC:  1    Str: 14    XL:     5   Next: 2%
Magic:  5/5        EV: 20    Int: 10    God:
Gold:   114        SH:  0    Dex: 14    Spells: 4/4 levels left

rFire    . . .     SeeInvis .   a - +1 war axe
rCold    . . .     Gourm    .   (no shield)
rNeg     . . .     Faith    .   b - +0 hat
rPois    .         Spirit   .   (no amulet)
rElec    .         Reflect  .   h - -5 ring of dexterity (curse)
rCorr    .         Harm     .   (no ring)
MR       .....                  (no ring)
Stlth    ++++......             (no ring)
HPRegen  0.11/turn              (no ring)
MPRegen  0.09/turn              (no ring)
                                (no ring)
                                (no ring)

@: agile, lethally poisoned (-5 -> -9), flying, hasted, very quick
A: almost no armour, stealthy swim, amphibious, 8 rings, constrict 8, camouflage
1, gelatinous body 1
a: no special abilities


You were on level 4 of the Dungeon.
You were not hungry.

You visited 1 branch of the dungeon, and saw 4 of its levels.

You collected 114 gold pieces.

Inventory:

Hand Weapons
 a - a +1 war axe (weapon)
Missiles
 c - 3 throwing nets (quivered)
 f - 5 tomahawks
Armour
 b - a +0 hat (worn)
Jewellery
 h - a cursed -5 ring of dexterity (left tentacle)
 i - a cursed amulet of inaccuracy {unknown}
Scrolls
 e - 2 scrolls of teleportation
 m - a scroll of blinking {unknown}
Potions
 g - a potion of magic {unknown}
Comestibles
 d - 7 rations


   Skills:
 - Level 2.0 Fighting
 + Level 4.6 Axes
 - Level 2.0 Throwing
 + Level 4.0 Dodging
 + Level 1.7 Stealth


You had 4 spell levels left.
You didn't know any spells.
Your spell library was empty.

Dungeon Overview and Level Annotations

Branches:
Dungeon (4/15)
 Temple: D:4-7

Altars:
Vehumet

Annotations:
D:3 Robin


Innate Abilities, Weirdness & Mutations

You cannot wear most types of armour.
You are very stealthy in the water. (Stealth+)
You are amphibious.
You can wear up to eight rings at the same time.
You can use your tentacles to constrict eight enemies at once.
Your skin changes colour to match your surroundings (Stealth+).
Your rubbery body absorbs attacks. (AC +1, EV +1)


Message History

You feel sick. The bat completely misses you. The goblin closely misses you. x2
The goblin hits you but does no damage. The goblin hits you.
The orc hits you with a club.
You climb downwards.
You feel sick.
There is a stone staircase leading up here.
It was a potion of haste.
You feel yourself speed up. The goblin misses you.
The goblin hits you with a club. The goblin barely misses you.
The goblin hits you with a club!
* * * LOW HITPOINT WARNING * * *
It was a potion of flight.
You feel very buoyant.
You fly up into the air.
* * * LOW HITPOINT WARNING * * *
You feel sick. The goblin barely misses you. The orc hits you with a club.
* * * LOW HITPOINT WARNING * * *
The goblin barely misses you.
It was a potion of agility.
You feel agile all of a sudden. The goblin hits you.
You die...

#....
+....
#...#
#...##
#....#
#....#
#.ggo#
#.g@.#
#...g#
#....#
#....#
.....+
+.....#
#.....#
#.....#


You could see an orc and 4 goblins.

Vanquished Creatures
  Natasha (D:3)
  4 adders (D:2)
  3 worms
  A dart slug (D:1)
  2 leopard geckos (D:2)
  An orc (D:3)
  A ball python (D:2)
  A giant cockroach (D:2)
  4 hobgoblins
  3 jackals (D:1)
  3 kobolds
  2 quokkas (D:2)
  2 bats
  3 frilled lizards
  8 goblins
  6 rats
  A bush (D:2)
  3 plants (D:2)
49 creatures vanquished.

Notes
Turn   | Place    | Note
-------+----------+-------------------------------------------
     0 | D:1      | Ijustatesigmund the Octopode Gladiator began the quest for
                  | the Orb.
     0 | D:1      | Reached XP level 1. HP: 14/14 MP: 1/1
    74 | D:1      | Reached XP level 2. HP: 17/19 MP: 2/2
   984 | D:2      | Reached XP level 3. HP: 21/24 MP: 3/3
  1304 | D:2      | Found a radiant altar of Vehumet.
  1333 | D:2      | Reached XP level 4. HP: 18/29 MP: 4/4
  2086 | D:3      | Noticed Natasha
  2096 | D:3      | Killed Natasha
  2096 | D:3      | Reached skill level 1 in Stealth
  2398 | D:3      | Noticed Robin
  2405 | D:4      | Reached XP level 5. HP: 28/34 MP: 5/5
  2485 | D:4      | HP: 1/34 [orc/club (4)]
  2486 | D:4      | Slain by a goblin

Vault maps used:
D:1:      minmay_arrival_four_houses, serial_glass, glass_columns_a,
          glass_columns_b, glass_columns_a, glass_columns_b
D:2:      vehumet_crystals, serial_forest, infiniplex_forest_lined_corner,
          infiniplex_forest_lined_1, infiniplex_forest_fountain,
          infiniplex_forest_end_3, infiniplex_forest_lined_2,
          infiniplex_forest_lined_2, infiniplex_forest_lined_room_2,
          infiniplex_forest_straight_2, infiniplex_forest_clump_cross,
          minmay_fountain_box
D:3:      xom_butterflies, lemuel_coloured_pillars_altar,
          overflow_temple_1_default, ebering_ghost_sewer_d, uniq_natasha,
          uniq_robin, uniq_crazy_yiuf_cottage
D:4:      overflow_temple_1_default

Skill      XL: |  1  2  3  4  5 |
---------------+----------------+-----
Axes           | 4 |  4.6
Stealth        | 1 |  1.7
Dodging        | 4 |  4.0
Fighting       | |  2.0
Throwing       | |  2.0

Action                   |  1- 3 |  4- 6 || total
-------------------------+-------+-------++-------
Melee: War axe           |    55 |    89 ||   144
       Constrict         |    15 |     7 ||    22
       Tentacles         |     4 |    18 ||    22
  Use: Scroll            |     2 |     2 ||     4
       Potion            |       |     5 ||     5
 Stab: Sleeping          |     8 |     3 ||    11
  Eat: Chunk             |       |     2 ||     2
       Ration            |       |     1 ||     1
Armor: Skin              |     4 |     2 ||     6
Dodge: Dodged            |    43 |    39 ||    82

Table legend:
 A = Non-vault XP
 B = Vault XP
 C = Vault XP percentage of total XP
 D = Non-vault monster count
 E = Vault monster count
 F = Vault count percentage of total count
                 A         B        C        D         E       F
            +---------+---------+-------+---------+---------+-------
      Total |     126 |      43 |  25.4 |      41 |       4 |   8.9
            +---------+---------+-------+---------+---------+-------
        D:1 |      24 |       0 |   0.0 |      14 |       0 |   0.0
        D:2 |      88 |       0 |   0.0 |      21 |       0 |   0.0
        D:3 |      14 |      37 |  72.5 |       6 |       1 |  14.3
        D:4 |       0 |       6 | 100.0 |       0 |       3 | 100.0
            +---------+---------+-------+---------+---------+-------
